Map: Overgrown Facility

Players

Bread

  • Race: Protoss Protoss
  • Spawn Location: 1:00

JING

  • Race: Terran Terran
  • Spawn Location: 3:00

toast - Winner!

  • Race: Protoss Protoss
  • League: Diamond
  • Spawn Location: 7:00

PureLegacy - Winner!

  • Race: Terran Terran
  • Spawn Location: 9:00

VOD

Have the link to the VOD?

Description

Time

  • Played on: Nov. 21, 2018, 9:37 a.m.
  • Length: 4:46
Show
View Real Time Build Order
Export as new Build Order

Bread Protoss 

Build Orders: Oracle Opening 

Get SALT Encoding   

  12  0:01  Probe  
  13  0:13  Probe  
  14  0:18  Pylon  
  14  0:25  Probe  
  15  0:35  Probe  
  15  0:37  Gateway  
  16  0:43  Probe  
  17  0:50  Assimilator  
  17  0:53  Probe  
  18  1:01  Assimilator  
  18  1:05  Probe  
  19  1:17  Probe  
  20  1:26  Cybernetics Core  
  20  1:29  Probe  
  21  1:41  Probe  
  21  1:44  Pylon  
  22  1:53  Probe  
  23  1:56  Stalker  
  23  2:02  Stargate  
  25  2:08  Warp Gate  
  25  2:14  Pylon  
  25  2:16  Probe  
  26  2:28  Probe  
  27  2:40  Probe  
  28  2:48  Oracle  
  31  3:05  Shield Battery  
  31  3:08  Nexus  
  31  3:27  Fleet Beacon  
  31  4:00  Tempest  
  29  4:03  Gateway  
  29  4:04  Gateway  
  29  4:06  Gateway  
  26  4:11  Shield Battery  
  26  4:14  Stalker  
  21  4:32  Probe  
  21  4:38  Stalker  
Show
View Real Time Build Order
Export as new Build Order

JING Terran 

Build Orders: Reaper Expand 

Get SALT Encoding   

  12  0:18  SCV  
  13  0:24  Supply Depot  
  13  0:30  SCV  
  14  0:42  SCV  
  15  0:46  Barracks  
  15  0:50  Refinery  
  15  0:54  SCV  
  16  1:06  SCV  
  17  1:19  SCV  
  18  1:32  Orbital Command  
  18  1:34  Reaper  
  19  1:47  Command Center  
  19  2:01  SCV  
  19  2:06  Barracks  
  19  2:07  Barracks Reactor  
  20  2:14  Supply Depot  
  20  2:16  SCV  
  21  2:25  Barracks  
  21  2:42  SCV  
  21  2:43  Marine x2  
  22  3:04  Marine x2  
  20  3:10  Marine  
  17  3:13  Marine  
  16  3:22  Marine x2  
  16  3:25  SCV  
  19  3:27  Marine, SCV  
  19  3:31  Marine  
Show
View Real Time Build Order
Export as new Build Order

toast Protoss - Winner!

Build Orders: Phoenix Opening 

Get SALT Encoding   

  12  0:01  Probe  
  13  0:13  Probe  
  14  0:19  Pylon  
  14  0:24  Probe  
  15  0:33  Probe  
  15  0:41  Probe  
  15  0:42  Gateway  
  17  0:52  Probe  
  17  0:56  Assimilator  
  18  1:04  Probe  
  19  1:13  Assimilator  
  19  1:16  Probe  
  20  1:28  Probe  
  20  1:32  Cybernetics Core  
  21  1:38  Pylon  
  21  1:40  Probe  
  22  1:49  Assimilator  
  22  1:52  Probe  
  23  2:08  Stalker  
  23  2:10  Warp Gate  
  23  2:13  Stargate  
  25  2:22  Probe  
  26  2:34  Probe  
  26  2:48  Nexus  
  26  2:51  Probe  
  27  3:02  Fleet Beacon  
  27  3:07  Probe  
  28  3:21  Probe  
  29  3:27  Pylon  
  29  3:33  Phoenix  
  29  3:46  Shield Battery  
  29  3:59  Probe  
  29  4:01  Tempest  
  22  4:07  Probe  
  19  4:12  Probe  
  26  4:17  Probe  
  26  4:20  Probe  
  27  4:29  Probe  
  27  4:30  Probe  
Show
View Real Time Build Order
Export as new Build Order

PureLegacy Terran - Winner!

Build Orders:  

Get SALT Encoding   

  12  0:01  SCV  
  13  0:13  SCV  
  14  0:18  Supply Depot  
  14  0:25  SCV  
  15  0:30  Refinery  
  15  0:40  SCV  
  16  0:47  Barracks  
  16  0:52  SCV  
  17  1:03  Barracks  
  17  1:17  Barracks  
  17  1:22  SCV  
  18  1:35  Reaper  
  19  1:40  Orbital Command  
  19  1:47  Refinery  
  19  1:54  Reaper  
  20  2:00  Supply Depot  
  20  2:06  Reaper  
  21  2:09  Reaper  
  22  2:16  SCV  
  23  2:26  Reaper  
  24  2:37  Supply Depot  
  24  2:38  Reaper, SCV  
  26  2:45  Reaper  
  26  2:50  SCV  
  28  2:58  Reaper  
  29  3:10  Reaper  
  30  3:17  Reaper  
  31  3:20  Command Center  
  31  3:21  SCV  
  32  3:30  Reaper, Supply Depot  
  31  3:42  Reaper  
  31  3:49  Reaper  
  32  3:59  Barracks x2  
  32  4:03  SCV  
  32  4:05  Reaper  
  34  4:14  Reaper  
  34  4:15  SCV  
Tags
 
Add a new tag
Caveats
  • Supply blocks, unpowered buildings, or Contaminate may cause inaccurate times.
  • Supply counts are checked every 10 seconds.